[Event "Titled Tuesday Blitz May 2 Early 2023"]
[White "Olenik Campa, Rudi"]
[Black "Nakamura, Hikaru"]
[WhiteFideId "14633264"]
[BlackFideId "2016192"]
[WhiteElo "2249"]
[BlackElo "2885"]
[Result "0-1"]
[Round "01"]
[TimeControl "180+2"]
[Date "2023.05.02"]
[WhiteClock "0:00:00"]
[BlackClock "0:00:01"]

1. e4 c6 2. d4 g6 3. Nc3 Bg7 4. Nf3 d5 5. h3 dxe4 6. Nxe4 Nf6 7. Nxf6+ exf6 8. Bc4 O-O 9. O-O b5 10. Bb3 Nd7 11. Bf4 Nb6 12. c3 a5 13. a3 a4 14. Ba2 Re8 15. Qd2 Be6 16. Bxe6 fxe6 17. Rfe1 Qd5 18. Re2 g5 19. Bg3 h6 20. Rae1 Re7 21. Qc2 Rae8 22. h4 Kf7 23. h5 Qf5 24. Qxf5 exf5 25. Rxe7+ Rxe7 26. Rxe7+ Kxe7 27. Nd2 f4 28. Bh2 Ke6 29. g4 Kd5 30. b3 axb3 31. Nxb3 Na4 0-1


[Site "https://www.chess.com"]

[Event "Titled Tuesday Blitz May 2 Early 2023"]
[White "Paravyan, David"]
[Black "Rengifo Blancas, Renzo Jhonathan"]
[WhiteFideId "4194985"]
[BlackFideId "3807185"]
[WhiteElo "2563"]
[BlackElo "2085"]
[Result "1-0"]
[Round "01"]
[TimeControl "180+2"]
[Date "2023.05.02"]
[WhiteClock "0:00:00"]
[BlackClock "0:00:00"]

1. e4 e5 2. Nf3 Nc6 3. Bb5 a6 4. Ba4 Nf6 5. O-O Be7 6. d3 b5 7. Bb3 O-O 8. a4 Bb7 9. Nc3 Nd4 10. Nxd4 exd4 11. Ne2 c5 12. Bg5 d5 13. Bxf6 Bxf6 14. Bxd5 Bxd5 15. exd5 Qxd5 16. Ng3 g6 17. Ne4 Bg7 18. Qf3 Rfd8 19. Rfe1 h6 20. axb5 axb5 21. Rxa8 Qxa8 22. Nxc5 Qa5 23. Qe2 Rc8 24. Nb3 Qa2 25. Qd1 Qxb2 26. Re2 h5 27. h4 Bf6 28. g3 Kg7 29. Kg2 Qc3 30. Qa1 Qc6+ 31. f3 Ra8 32. Qb2 Qd5 33. Nd2 g5 34. hxg5 Qxg5 35. Ne4 Qg6 36. Qxb5 h4 37. Qc6 Rh8 38. Qxf6+ Qxf6 39. Nxf6 Kxf6 40. gxh4 Rxh4 41. Re4 Rxe4 42. fxe4 Ke5 43. Kg3 f5 44. exf5 Kxf5 45. Kf3 Ke5 46. Kg4 Ke6 47. Kf4 Kd5 48. Kf5 Kc6 49. Ke4 Kc5 50. Ke5 1-0


[Site "https://www.chess.com"]

[Event "Titled Tuesday Blitz May 2 Early 2023"]
[White "Firouzja, Alireza"]
[Black "Arat, Ufuk Sezen"]
[WhiteFideId "12573981"]
[BlackFideId "6309089"]
[WhiteElo "2904"]
[BlackElo "2289"]
[Result "1-0"]
[Round "01"]
[TimeControl "180+2"]
[Date "2023.05.02"]
[WhiteClock "0:00:01"]
[BlackClock "0:00:00"]

1. d4 Nf6 2. Bg5 Ne4 3. Bf4 d5 4. f3 Nf6 5. Nc3 Bf5 6. g4 Bg6 7. h4 h6 8. e3 e6 9. Bd3 Bxd3 10. Qxd3 Bd6 11. Nge2 c6 12. O-O-O b5 13. e4 Bxf4+ 14. Nxf4 Qc7 15. e5 Nfd7 16. Nce2 Na6 17. g5 hxg5 18. hxg5 Rxh1 19. Rxh1 Nf8 20. g6 O-O-O 21. gxf7 Qxf7 22. Qa3 Kb7 23. Nd3 Ng6 24. Kb1 Rf8 25. f4 Qe7 26. Qc3 Nh4 27. Nec1 Ng2 28. Nb3 Nxf4 29. Na5+ Kb6 30. Qxc6+ Kxa5 31. Nc1 Nc5 32. dxc5 Kb4 33. Rd1 Ka5 34. Nb3+ 1-0


[Site "https://www.chess.com"]

[Event "Titled Tuesday Blitz May 2 Early 2023"]
[White "Bluebaum, Matthias"]
[Black "Ibadov, Dashgyn"]
[WhiteFideId "24651516"]
[BlackFideId "24107514"]
[WhiteElo "2638"]
[BlackElo "2208"]
[Result "1-0"]
[Round "01"]
[TimeControl "180+2"]
[Date "2023.05.02"]
[WhiteClock "0:00:00"]
[BlackClock "0:00:00"]

1. d4 d5 2. c4 e6 3. Nc3 c6 4. Nf3 Nf6 5. Qc2 Nbd7 6. e4 dxe4 7. Nxe4 Nxe4 8. Qxe4 Bb4+ 9. Bd2 Bxd2+ 10. Nxd2 O-O 11. O-O-O Nf6 12. Qe3 b5 13. c5 a5 14. Bd3 b4 15. Ne4 Ba6 16. Bc2 Bc4 17. Bb1 a4 18. Nd6 Bd5 19. Rhg1 b3 20. a3 Qc7 21. g4 Ne8 22. Ne4 Bxe4 23. Bxe4 Nf6 24. Bf3 Nd5 25. Bxd5 exd5 26. Rde1 Qd7 27. Qe7 Qc8 28. Rg3 Qa6 29. Qe2 Qa5 30. Re3 g6 31. f4 Qc7 32. Qf2 Qd7 33. f5 Rae8 34. h3 Rxe3 35. Qxe3 gxf5 36. Qg5+ Kh8 37. Qf6+ Kg8 38. Re7 Qd8 39. Qe5 Qa5 40. Qxf5 Qb5 41. Qg5+ Kh8 42. Qf6+ Kg8 43. Re1 Qc4+ 44. Kb1 Qc2+ 45. Ka1 Qg6 46. Qf4 Kg7 47. Re5 Qc2 48. Rg5+ 1-0


[Site "https://www.chess.com"]

[Event "Titled Tuesday Blitz May 2 Early 2023"]
[White "Karas, Marek"]
[Black "Yu, Yangyi"]
[WhiteFideId "14928558"]
[BlackFideId "8603820"]
[WhiteElo "2233"]
[BlackElo "2783"]
[Result "0-1"]
[Round "01"]
[TimeControl "180+2"]
[Date "2023.05.02"]
[WhiteClock "0:00:00"]
[BlackClock "0:00:00"]

1. d4 Nf6 2. Nf3 d5 3. c4 e6 4. Nc3 h6 5. cxd5 exd5 6. Bf4 Bd6 7. Bxd6 Qxd6 8. e3 O-O 9. Bd3 Re8 10. Qc2 Nc6 11. a3 Bg4 12. O-O-O a6 13. h3 Bxf3 14. gxf3 Ne7 15. Kb1 Rac8 16. f4 c5 17. dxc5 Rxc5 18. Qb3 b5 19. Ne2 Nc6 20. Bc2 b4 21. axb4 Rb5 22. Nd4 Rxb4 23. Qc3 Nxd4 24. Rxd4 a5 25. Rxb4 axb4 26. Qd3 Ra8 27. Rd1 Qc5 28. Qd4 Qa5 29. Bb3 Qa1+ 30. Kc2 Rc8+ 31. Kd2 Qa6 32. f3 Qe6 33. Rh1 Qf5 34. Qd3 Qh5 35. Qe2 d4 36. e4 Qh4 37. Qh2 Nh5 38. f5 Qg5+ 39. Ke2 Qe3+ 0-1


[Site "https://www.chess.com"]

[Event "Titled Tuesday Blitz May 2 Early 2023"]
[White "Andreikin, Dmitry"]
[Black "Begunov, Konstantin"]
[WhiteFideId "4158814"]
[BlackFideId "4118510"]
[WhiteElo "2736"]
[BlackElo "2087"]
[Result "1-0"]
[Round "01"]
[TimeControl "180+2"]
[Date "2023.05.02"]
[WhiteClock "0:00:01"]
[BlackClock "0:00:00"]

1. Nf3 d5 2. c4 c6 3. e3 Nf6 4. Nc3 a6 5. d4 Bg4 6. h3 Bxf3 7. Qxf3 e6 8. Bd2 Nbd7 9. Rc1 Be7 10. Bd3 O-O 11. O-O Rc8 12. Rfd1 Re8 13. e4 dxe4 14. Nxe4 Nxe4 15. Bxe4 Nf6 16. Bc3 Nxe4 17. Qxe4 Qb6 18. a3 Bf6 19. b4 Qc7 20. Rd3 b5 21. Bb2 Qd6 22. Rf3 bxc4 23. Rxc4 Qd5 24. Qe2 e5 25. dxe5 Bxe5 26. Re3 f6 27. f4 Bd4 28. Rxd4 Rxe3 29. Qxe3 Qf5 30. Qe4 1-0


[Site "https://www.chess.com"]

[Event "Titled Tuesday Blitz May 2 Early 2023"]
[White "Manukyan, Artyom"]
[Black "Martinez Alcantara, Jose Eduardo"]
[WhiteFideId "13305786"]
[BlackFideId "3805662"]
[WhiteElo "2078"]
[BlackElo "2711"]
[Result "0-1"]
[Round "01"]
[TimeControl "180+2"]
[Date "2023.05.02"]
[WhiteClock "0:00:00"]
[BlackClock "0:00:00"]

1. e4 c5 2. Nf3 d6 3. Bb5+ Nd7 4. a4 Nf6 5. Nc3 a6 6. Be2 b6 7. d4 cxd4 8. Qxd4 Bb7 9. O-O g6 10. h3 Bg7 11. Rd1 O-O 12. Qe3 Qc7 13. a5 b5 14. Nd5 Nxd5 15. exd5 Qxc2 16. Qxe7 Qc7 17. Bf4 Rfe8 18. Bxd6 Rxe7 19. Bxc7 Rxe2 20. Re1 Rxe1+ 21. Rxe1 Bxd5 22. Rd1 Bxf3 0-1


[Site "https://www.chess.com"]

[Event "Titled Tuesday Blitz May 2 Early 2023"]
[White "Duda, Jan-Krzysztof"]
[Black "Vivas Zamora, Fabian Ernesto"]
[WhiteFideId "1170546"]
[BlackFideId "3902480"]
[WhiteElo "2790"]
[BlackElo "2262"]
[Result "1-0"]
[Round "01"]
[TimeControl "180+2"]
[Date "2023.05.02"]
[WhiteClock "0:00:00"]
[BlackClock "0:00:00"]

1. e4 e5 2. Nf3 Nc6 3. Bc4 Nf6 4. d3 Bc5 5. O-O O-O 6. c3 d5 7. exd5 Nxd5 8. Re1 Bg4 9. h3 Bh5 10. Nbd2 Nb6 11. Bb5 Bd6 12. Ne4 f5 13. Ng3 Bxf3 14. Qxf3 Qd7 15. b3 Rae8 16. Bb2 Kh8 17. Rad1 a6 18. Bxc6 bxc6 19. c4 c5 20. Rd2 a5 21. Rde2 e4 22. dxe4 fxe4 23. Qg4 Qxg4 24. hxg4 Bxg3 25. fxg3 a4 26. Rxe4 Rxe4 27. Rxe4 axb3 28. axb3 Kg8 29. Re6 Kf7 30. Rc6 Nd7 31. Rxc7 Ke6 32. Rb7 g6 33. g5 Rf5 34. Bc1 Re5 35. Kf2 Rf5+ 36. Bf4 1-0


[Site "https://www.chess.com"]

[Event "Titled Tuesday Blitz May 2 Early 2023"]
[White "Chernomordik, Pavel"]
[Black "Sarana, Alexey"]
[WhiteFideId "2804530"]
[BlackFideId "24133795"]
[WhiteElo "2193"]
[BlackElo "2714"]
[Result "0-1"]
[Round "01"]
[TimeControl "180+2"]
[Date "2023.05.02"]
[WhiteClock "0:00:00"]
[BlackClock "0:00:00"]

1. e4 c5 2. Nc3 d6 3. f4 g6 4. Nf3 Bg7 5. Bb5+ Bd7 6. Bxd7+ Qxd7 7. O-O Nc6 8. d3 Nh6 9. h3 f5 10. Re1 Nf7 11. Be3 O-O 12. d4 cxd4 13. Nxd4 e6 14. Bf2 Rfe8 15. Qd3 Rad8 16. Nf3 e5 17. Bh4 Rc8 18. Nd5 Qe6 19. Rad1 h6 20. c3 Kh7 21. Nd2 exf4 22. Nxf4 Nce5 23. Qb1 Qd7 24. exf5 Qxf5 25. Qxf5 gxf5 26. Nd5 Nd3 27. Rxe8 Rxe8 28. Nc4 Nc5 29. Bg3 Ne4 30. Bh2 Ne5 31. Nce3 Rf8 32. Nf4 Rf7 33. Rf1 Nc5 34. Rd1 Ne4 35. Rf1 Bf8 36. Ne6 Kg6 37. Nxf8+ Rxf8 38. Nd5 Rf7 39. Bf4 Nd3 0-1


[Site "https://www.chess.com"]

[Event "Titled Tuesday Blitz May 2 Early 2023"]
[White "Deac, Bogdan-Daniel"]
[Black "Rodriguez, Santiago"]
[WhiteFideId "1226380"]
[BlackFideId "3000591"]
[WhiteElo "2649"]
[BlackElo "2249"]
[Result "1/2-1/2"]
[Round "01"]
[TimeControl "180+2"]
[Date "2023.05.02"]
[WhiteClock "0:00:00"]
[BlackClock "0:00:00"]

1. b3 Nf6 2. Bb2 g6 3. Nf3 Bg7 4. g3 O-O 5. Bg2 c6 6. O-O d5 7. c4 Bg4 8. d3 Nbd7 9. Nbd2 Re8 10. h3 Bxf3 11. Nxf3 e5 12. cxd5 cxd5 13. Rc1 Qa5 14. a3 e4 15. dxe4 dxe4 16. Nd4 Ne5 17. b4 Qb6 18. Qb3 Rad8 19. Rcd1 h5 20. Nc2 Rxd1 21. Rxd1 h4 22. g4 Nexg4 23. Bd4 Qb5 24. hxg4 Qxe2 25. Re1 Qxg4 26. Qh3 Qxh3 27. Bxh3 Nd5 28. Bxg7 Kxg7 29. Ne3 Nxe3 30. Rxe3 f5 31. f3 Re5 32. fxe4 fxe4 33. Bg2 a5 34. Rxe4 Rxe4 35. Bxe4 axb4 36. axb4 b6 37. Kh2 Kf6 38. Kh3 g5 39. Kg4 Ke5 40. Bc6 Kd4 41. b5 Kc5 42. Bd7 Kb4 43. Be8 Kc5 44. Bc6 Kb4 45. Kh3 Kc5 46. Kg4 Kb4 47. Be8 Kc5 48. Bd7 Kb4 49. Kf3 Kc5 50. Be8 Kb4 51. Bc6 Kc5 52. Ke3 g4 53. Kf4 g3 54. Kf3 Kb4 55. Kg2 Kc5 56. Kh3 Kb4 57. Be8 Kc5 58. Bd7 Kb4 59. Bc6 Kc5 60. Kg2 Kb4 61. Kh3 Kc5 62. Bd7 Kb4 63. Be8 Kc5 64. Bc6 Kb4 65. Kxh4 g2 66. Bxg2 Kxb5 67. Kg4 Kc4 68. Bf1+ Kc3 69. Kf5 b5 70. Bxb5 1/2-1/2


[Site "https://www.chess.com"]

[Event "Titled Tuesday Blitz May 2 Early 2023"]
[White "Jimenez Almeida, Luis David"]
[Black "Bortnyk, Olexandr"]
[WhiteFideId "22242244"]
[BlackFideId "14120828"]
[WhiteElo "2245"]
[BlackElo "2734"]
[Result "0-1"]
[Round "01"]
[TimeControl "180+2"]
[Date "2023.05.02"]
[WhiteClock "0:00:00"]
[BlackClock "0:00:00"]

1. e4 Nf6 2. e5 Nd5 3. d4 d6 4. c4 Nb6 5. exd6 exd6 6. Nc3 Be7 7. Bd3 Nc6 8. Nge2 Bg4 9. f3 Bh5 10. b3 O-O 11. O-O Bf6 12. Be3 Re8 13. Qd2 Bg6 14. a4 a5 15. Rfe1 Bxd3 16. Qxd3 Nb4 17. Qd2 d5 18. c5 Nd7 19. Bf4 c6 20. Ng3 Rxe1+ 21. Rxe1 g6 22. Nge2 b6 23. Bd6 bxc5 24. dxc5 Be7 25. Nd4 Bxd6 26. cxd6 Qf6 27. Kh1 Qxd6 28. Qh6 Qf6 29. Rd1 Re8 30. h3 Nc5 31. Qd2 Ncd3 32. Nde2 Nf2+ 0-1


[Site "https://www.chess.com"]

[Event "Titled Tuesday Blitz May 2 Early 2023"]
[White "Le, Tuan Minh"]
[Black "Urbina Perez, Juan Antonio"]
[WhiteFideId "12401153"]
[BlackFideId "2217368"]
[WhiteElo "2566"]
[BlackElo "2197"]
[Result "1-0"]
[Round "01"]
[TimeControl "180+2"]
[Date "2023.05.02"]
[WhiteClock "0:00:01"]
[BlackClock "0:00:01"]

1. d4 d5 2. Nf3 e6 3. Bf4 Bd6 4. Bg3 b6 5. e3 Nf6 6. c4 Bxg3 7. hxg3 O-O 8. Nc3 dxc4 9. Bxc4 Ba6 10. Bxa6 Nxa6 11. g4 Nd5 12. Qd3 1-0


[Site "https://www.chess.com"]

[Event "Titled Tuesday Blitz May 2 Early 2023"]
[White "Lopez, Henry"]
[Black "Erigaisi Arjun"]
[WhiteFideId "5203830"]
[BlackFideId "35009192"]
[WhiteElo "2177"]
[BlackElo "2737"]
[Result "0-1"]
[Round "01"]
[TimeControl "180+2"]
[Date "2023.05.02"]
[WhiteClock "0:00:00"]
[BlackClock "0:00:00"]

1. d4 d6 2. Nf3 g6 3. c4 Bg7 4. Nc3 Nc6 5. h3 e5 6. d5 Nce7 7. e4 f5 8. Bd3 Nf6 9. Qc2 O-O 10. Bd2 c6 11. Ng5 h6 12. Ne6 Bxe6 13. dxe6 Qc8 14. exf5 e4 15. Nxe4 Nxe4 16. Bxe4 gxf5 17. Bd3 Qxe6+ 18. Kf1 Ng6 19. Re1 Qf7 20. f4 Nh4 21. Be3 Rae8 22. Qf2 Ng6 23. g3 d5 24. b3 d4 25. Bd2 Rxe1+ 26. Qxe1 c5 27. Kg2 h5 28. h4 Re8 29. Qf2 Nf8 30. Re1 Rxe1 31. Qxe1 Nd7 32. Qe2 b6 33. Qf3 Kh7 34. Qc6 Nf8 35. Be2 Qg6 36. Qf3 Kh6 37. Bd3 Qe6 38. Kf2 Nd7 39. Qd5 Qxd5 40. cxd5 Kg6 41. Kf3 Nf6 42. Bb5 Nxd5 43. Be8+ Kh6 44. Bd7 Kg6 45. Be8+ Kh6 46. Bd7 Ne7 47. Be8 Bf6 48. a4 Ng6 49. Bd7 Ne7 50. Be8 a6 51. Ke2 Nd5 52. Kd3 Bd8 0-1


[Site "https://www.chess.com"]

[Event "Titled Tuesday Blitz May 2 Early 2023"]
[White "Matlakov, Maxim"]
[Black "Hnydiuk, Aleksander"]
[WhiteFideId "4168003"]
[BlackFideId "1109057"]
[WhiteElo "2666"]
[BlackElo "2374"]
[Result "0-1"]
[Round "01"]
[TimeControl "180+2"]
[Date "2023.05.02"]
[WhiteClock "0:00:00"]
[BlackClock "0:00:00"]

1. e4 e5 2. Nf3 Nf6 3. Nc3 Nc6 4. h3 d5 5. exd5 Nxd5 6. Bb5 Nxc3 7. bxc3 Bd6 8. O-O O-O 9. d4 exd4 10. cxd4 h6 11. Re1 Qf6 12. Rb1 Bf5 13. Bb2 Nb4 14. Ba4 b5 15. Bb3 Rfe8 16. Rxe8+ Rxe8 17. a3 Nc6 18. a4 Na5 19. Bd5 c6 20. Ba2 Nc4 21. Bxc4 bxc4 22. Bc3 Qg6 23. Nh4 Bxc2 24. Nxg6 Bxd1 25. Rxd1 fxg6 26. d5 Rd8 27. Kf1 Bc7 28. d6 Rxd6 29. Rc1 Rd5 30. Ke2 Kf7 31. Bd2 Rxd2+ 0-1


[Site "https://www.chess.com"]

[Event "Titled Tuesday Blitz May 2 Early 2023"]
[White "Shvedova, Alexandra"]
[Black "Nguyen, Ngoc Truong Son"]
[WhiteFideId "54154782"]
[BlackFideId "12401110"]
[WhiteElo "2057"]
[BlackElo "2556"]
[Result "0-1"]
[Round "01"]
[TimeControl "180+2"]
[Date "2023.05.02"]
[WhiteClock "0:00:00"]
[BlackClock "0:00:00"]

1. e4 c5 2. Ne2 Nc6 3. d4 cxd4 4. Nxd4 e6 5. Nc3 a6 6. Be3 Qc7 7. Qf3 Nge7 8. Qg3 Qxg3 9. hxg3 Nxd4 10. Bxd4 Nc6 11. Be3 b5 12. O-O-O Bb7 13. f3 Be7 14. g4 d6 15. Be2 Rc8 16. Kb1 Ne5 17. Bd4 f6 18. Rh3 Kf7 19. Rdh1 h6 20. a3 Nc4 21. Ka2 d5 22. exd5 e5 23. Bxc4 Rxc4 24. Bf2 Rhc8 25. Rd1 Bxa3 26. Ne4 Bf8 27. c3 Rd8 28. d6 Bxe4 29. fxe4 Rxd6 30. Rxd6 Bxd6 31. Rd3 Ke6 32. Re3 Bc5 33. Re2 Bxf2 34. Rxf2 Rxe4 35. Rd2 Rxg4 0-1


[Site "https://www.chess.com"]

[Event "Titled Tuesday Blitz May 2 Early 2023"]
[White "Jacobson, Brandon"]
[Black "Garv Gaur"]
[WhiteFideId "30901561"]
[BlackFideId "45030839"]
[WhiteElo "2459"]
[BlackElo "2068"]
[Result "1/2-1/2"]
[Round "01"]
[TimeControl "180+2"]
[Date "2023.05.02"]
[WhiteClock "0:00:00"]
[BlackClock "0:00:00"]

1. Nf3 Nf6 2. g3 d5 3. Bg2 c6 4. O-O Bg4 5. h3 Bh5 6. c4 e6 7. d4 Nbd7 8. Qb3 Qb6 9. cxd5 exd5 10. Qe3+ Be7 11. Nh4 Bg6 12. Nc3 Qd8 13. Nxg6 hxg6 14. Qd3 O-O 15. h4 Re8 16. Rb1 a5 17. a3 Nb6 18. Bg5 Ne4 19. Bxe4 dxe4 20. Nxe4 Bxg5 21. Nxg5 Nd5 22. e4 Nf6 23. e5 Nd5 24. e6 f6 25. Nf7 Qe7 26. Rfe1 Nc7 27. Qxg6 Nxe6 28. Nh6+ Kf8 29. Nf5 Qd7 30. Re3 Nxd4 31. Nxd4 Qxd4 32. Rbe1 Rxe3 33. Rxe3 Qd1+ 34. Kg2 Qd5+ 35. Kh2 Qd2 36. Qf5 Rd8 37. h5 Rd5 38. Qc8+ Rd8 39. Qf5 Rd5 40. Qc8+ Rd8 41. Re2 Qd3 42. Qe6 Qd5 43. Qg4 Qd7 44. Qf3 Qd3 45. Re3 Qd1 46. Qf5 Qd5 47. Qg6 Qf7 48. Qh7 Qg8 49. Qc2 Qd5 50. Qh7 Qg8 51. Qxg8+ Kxg8 52. Re7 b5 53. Rc7 Rd2 54. Kg2 Rxb2 55. Rxc6 Rb3 56. a4 bxa4 57. Rc5 a3 58. Rxa5 Kh7 59. g4 Kh6 60. f3 g6 61. hxg6 Kxg6 62. Kg3 Rc3 63. Kf4 Rc4+ 64. Kg3 Rc3 65. Ra6 Rb3 66. Kf2 Rb2+ 67. Ke3 Rb3+ 68. Ke4 Rb4+ 69. Kd5 Rb3 70. f4 Rb4 71. f5+ Kg5 72. Rxa3 Rxg4 73. Ke6 Re4+ 74. Kf7 Kxf5 75. Ra6 Kg5 76. Rxf6 Rf4 77. Rxf4 Kxf4 1/2-1/2


[Site "https://www.chess.com"]

[Event "Titled Tuesday Blitz May 2 Early 2023"]
[White "Manukian, Artak"]
[Black "Maghsoodloo, Parham"]
[WhiteFideId "13301373"]
[BlackFideId "12539929"]
[WhiteElo "2130"]
[BlackElo "2647"]
[Result "0-1"]
[Round "01"]
[TimeControl "180+2"]
[Date "2023.05.02"]
[WhiteClock "0:00:00"]
[BlackClock "0:00:00"]

1. e4 c5 2. Nf3 d6 3. Bb5+ Nd7 4. O-O Nf6 5. Re1 a6 6. Bd3 b6 7. c3 Bb7 8. Bc2 e6 9. d4 Be7 10. Bg5 h6 11. Bh4 Rc8 12. Nbd2 O-O 13. Rc1 b5 14. e5 Ne8 15. Bxe7 Qxe7 16. Be4 Bxe4 17. Nxe4 dxe5 18. dxe5 Nb6 19. Qe2 Rd8 20. Rcd1 Rd5 21. b3 c4 22. b4 Rxd1 23. Rxd1 Nd5 24. Nd4 Qc7 25. Nf3 Nf4 26. Qe3 Nd3 27. Nc5 Nxc5 28. Qxc5 Qxc5 29. bxc5 Nc7 30. Rd7 Nd5 31. c6 Nxc3 32. c7 Nd5 33. Nd4 b4 34. Kf1 a5 35. Ke1 a4 36. Kd1 b3 37. axb3 cxb3 38. Kc1 Re8 39. Kb2 Kf8 40. Nb5 Nb6 41. Rd8 Ke7 42. Rxe8+ Kxe8 43. Nd6+ Kd7 0-1


[Site "https://www.chess.com"]

[Event "Titled Tuesday Blitz May 2 Early 2023"]
[White "Shimanov, Aleksandr"]
[Black "Devaev, Alexander"]
[WhiteFideId "4198603"]
[BlackFideId "4169395"]
[WhiteElo "2631"]
[BlackElo "2204"]
[Result "1-0"]
[Round "01"]
[TimeControl "180+2"]
[Date "2023.05.02"]
[WhiteClock "0:00:00"]
[BlackClock "0:00:00"]

1. g3 c5 2. c4 Nc6 3. Bg2 Nf6 4. Nf3 e6 5. O-O Be7 6. d4 cxd4 7. Nxd4 O-O 8. Nc3 Ne5 9. b3 d6 10. Bb2 a6 11. Rc1 Qc7 12. e3 Rb8 13. Qe2 Re8 14. Rfd1 Bf8 15. h3 h6 16. Qd2 Ned7 17. f4 Nc5 18. g4 Nh7 19. Nce2 e5 20. Nc2 Bd7 21. Nc3 Bc6 22. Nd5 Qd8 23. b4 Ne6 24. Kh2 Nc7 25. f5 Nxd5 26. cxd5 Ba4 27. Rf1 Bxc2 28. Rxc2 Be7 29. Rfc1 Bg5 30. a4 Qb6 31. Re1 Rbc8 32. Rxc8 Rxc8 33. Bf1 Nf6 34. a5 Qd8 35. Bg2 Nd7 36. Rc1 Rc7 37. Bf3 Qc8 38. Kg2 Rc4 39. Be2 Rc7 40. Rxc7 Qxc7 41. Qc1 Qd8 42. Bf3 Nf6 43. Qc3 Nd7 44. e4 Bf4 45. Be2 Qh4 46. Qf3 Qd8 47. Qf2 Qc7 48. Bd3 Nf6 49. Qc2 Qd8 50. Bc3 Nh7 51. Be1 Bg5 52. Bf2 Bh4 53. Bb6 Qg5 54. Qe2 Qc1 55. Be3 Qc3 56. Qd2 Qc7 57. Qc2 Qd8 58. Qc4 Bg5 59. Bf2 Bh4 60. Be3 Nf6 61. Bb6 Qf8 62. Qc7 h5 63. Kf3 hxg4+ 64. hxg4 g6 65. Qd8 Qxd8 66. Bxd8 gxf5 67. gxf5 Bg5 68. Bc7 Ne8 69. Bb8 Bd8 70. Ke2 Bc7 71. Ba7 Kf8 72. Bf2 Bd8 73. Kd2 Nc7 74. Kc3 Nb5+ 75. Kc4 Bg5 76. Bb6 Ke7 77. Kb3 Kd7 78. Bb1 Bd2 79. Bf2 Bf4 80. Bd3 Bd2 81. Kc4 Bf4 82. Be2 Bd2 83. Bd1 Bg5 84. Ba4 1-0


[Site "https://www.chess.com"]

[Event "Titled Tuesday Blitz May 2 Early 2023"]
[White "Horak, Martin"]
[Black "Terry, Renato"]
[WhiteFideId "367095"]
[BlackFideId "3803457"]
[WhiteElo "2091"]
[BlackElo "2575"]
[Result "0-1"]
[Round "01"]
[TimeControl "180+2"]
[Date "2023.05.02"]
[WhiteClock "0:00:00"]
[BlackClock "0:00:00"]

1. d4 d5 2. c4 dxc4 3. Nf3 Nf6 4. e3 e6 5. Bxc4 a6 6. O-O c5 7. Nc3 b5 8. Be2 Bb7 9. dxc5 Bxc5 10. Qxd8+ Kxd8 11. a3 Ke7 12. b4 Bd6 13. Bb2 Nbd7 14. Rfd1 Rac8 15. Rac1 Nb6 16. Nd4 Nc4 17. Bxc4 Rxc4 18. f3 Rhc8 19. Nce2 Nd5 20. Kf2 Nb6 21. Rxc4 Nxc4 22. Bc1 g6 23. g3 e5 24. Nb3 f5 25. f4 Be4 26. fxe5 Nxe5 27. Nc5 Bxc5 28. bxc5 Nd3+ 29. Kf1 Rxc5 30. Bd2 Rc2 31. Bb4+ Kf7 32. Rd2 Nxb4 0-1


[Site "https://www.chess.com"]

[Event "Titled Tuesday Blitz May 2 Early 2023"]
[White "Pranesh M"]
[Black "Korelskiy, Egor"]
[WhiteFideId "35028600"]
[BlackFideId "34329064"]
[WhiteElo "2437"]
[BlackElo "2186"]
[Result "1-0"]
[Round "01"]
[TimeControl "180+2"]
[Date "2023.05.02"]
[WhiteClock "0:00:01"]
[BlackClock "0:00:00"]

1. e4 c5 2. Nf3 e6 3. d4 cxd4 4. Nxd4 a6 5. Bd3 Nf6 6. O-O Qc7 7. Qe2 d6 8. Nc3 Be7 9. Kh1 O-O 10. a4 Nbd7 11. f4 b6 12. f5 e5 13. Nf3 Bb7 14. Bg5 h6 15. Bh4 Rfe8 16. Nd2 d5 17. exd5 Nxd5 18. Nxd5 Bxd5 19. Bxe7 Rxe7 20. Be4 Nf6 21. Bxd5 Nxd5 22. Ne4 f6 23. Qf3 Rd8 24. Rad1 Red7 25. c3 Qc4 26. Qg4 Qc6 27. Qg6 Kh8 28. h3 Ne3 29. Rxd7 Qxd7 30. Nxf6 Qc6 31. Qh7# 1-0


[Site "https://www.chess.com"]

[Event "Titled Tuesday Blitz May 2 Early 2023"]
[White "Lorenzo De La Riva, Lazaro"]
[Black "Swiercz, Dariusz"]
[WhiteFideId "2268809"]
[BlackFideId "1126881"]
[WhiteElo "2294"]
[BlackElo "2620"]
[Result "0-1"]
[Round "01"]
[TimeControl "180+2"]
[Date "2023.05.02"]
[WhiteClock "0:00:00"]
[BlackClock "0:00:00"]

1. e4 e6 2. d4 d5 3. Nc3 Bb4 4. e5 c5 5. a3 Bxc3+ 6. bxc3 Ne7 7. Qg4 Kf8 8. h4 Qc7 9. Rh3 b6 10. Rf3 Nf5 11. a4 Ba6 12. Bb5 Bxb5 13. axb5 h5 14. Qf4 cxd4 15. Ba3+ Kg8 16. cxd4 Qxc2 17. Rc1 Qe4+ 18. Ne2 Nd7 19. Qxe4 dxe4 20. Rf4 a6 21. Rc7 axb5 22. Bd6 Nxd6 23. exd6 Nf6 24. Rb7 Rd8 25. Rxb6 Nd5 26. Rxe4 Nxb6 0-1


[Site "https://www.chess.com"]

[Event "Titled Tuesday Blitz May 2 Early 2023"]
[White "Ibarra Jerez, Jose Carlos"]
[Black "Khamdamova, Afruza"]
[WhiteFideId "2226332"]
[BlackFideId "14210444"]
[WhiteElo "2638"]
[BlackElo "2210"]
[Result "1-0"]
[Round "01"]
[TimeControl "180+2"]
[Date "2023.05.02"]
[WhiteClock "0:00:00"]
[BlackClock "0:00:00"]

1. e4 e5 2. Nf3 Nf6 3. Nc3 Nc6 4. h3 Bc5 5. Nxe5 Nxe5 6. d4 Bd6 7. dxe5 Bxe5 8. Bd3 O-O 9. O-O Re8 10. Nb5 c6 11. f4 Bb8 12. Nc3 d6 13. Qf3 a5 14. b3 b5 15. Bb2 Bb7 16. Rae1 b4 17. Nd1 c5 18. Qg3 Nh5 19. Qg4 Nf6 20. Qg3 Nh5 21. Qf3 Nf6 22. Nf2 Ba7 23. Kh2 a4 24. Ng4 Nxg4+ 25. Qxg4 f6 26. e5 Bc8 27. Qh5 f5 28. exd6 Bd7 29. Bc4+ Kh8 30. Qf7 Rg8 31. Re7 1-0


[Site "https://www.chess.com"]

[Event "Titled Tuesday Blitz May 2 Early 2023"]
[White "Mrudul Dehankar"]
[Black "Kuzubov, Yuriy"]
[WhiteFideId "25096990"]
[BlackFideId "14112906"]
[WhiteElo "2139"]
[BlackElo "2496"]
[Result "0-1"]
[Round "01"]
[TimeControl "180+2"]
[Date "2023.05.02"]
[WhiteClock "0:00:00"]
[BlackClock "0:00:00"]

1. e4 c5 2. Nf3 Nc6 3. d4 cxd4 4. Nxd4 g6 5. Nc3 Bg7 6. Be3 Nf6 7. Bc4 d6 8. f3 Qb6 9. Ncb5 Qa5+ 10. c3 O-O 11. O-O a6 12. Nxc6 bxc6 13. Nd4 Qc7 14. Qd2 d5 15. Bd3 c5 16. Ne2 Bb7 17. Ng3 Rad8 18. Qe2 d4 19. cxd4 cxd4 20. Bd2 e5 21. Rac1 Qb6 22. b3 a5 23. Qe1 Ra8 24. Rc2 Nd7 25. Qc1 Rfc8 26. Bc4 Ba6 27. Kh1 Bxc4 28. Rxc4 Qa6 29. Rc7 Bf8 30. Rxc8 Rxc8 31. Qb2 h5 32. Re1 h4 33. Nf1 Nf6 34. Kg1 h3 35. g3 Qd3 36. Kf2 Rc2 37. Qb1 Rxd2+ 38. Nxd2 Qxd2+ 39. Re2 Qc3 40. Qc2 Bb4 41. Qxc3 Bxc3 42. Rc2 Nd7 43. a3 Kf8 44. Ke2 Ke7 45. Kd3 Nb6 46. b4 axb4 47. axb4 Bxb4 48. Rc7+ Nd7 49. f4 Bd6 50. Rc6 exf4 51. gxf4 Bxf4 52. Rc2 Be3 53. Rb2 Ne5+ 54. Ke2 Bf4 55. Kd1 d3 56. Ra2 g5 0-1


[Site "https://www.chess.com"]

[Event "Titled Tuesday Blitz May 2 Early 2023"]
[White "Gupta, Abhijeet"]
[Black "Srinath, Rao S.V."]
[WhiteFideId "5010608"]
[BlackFideId "5028876"]
[WhiteElo "2528"]
[BlackElo "2196"]
[Result "1-0"]
[Round "01"]
[TimeControl "180+2"]
[Date "2023.05.02"]
[WhiteClock "0:00:01"]
[BlackClock "0:00:00"]

1. d4 Nf6 2. Nf3 g6 3. c4 Bg7 4. Nc3 O-O 5. e4 d6 6. h3 e5 7. d5 Nh5 8. g3 f5 9. exf5 gxf5 10. Bg5 Qe8 11. Be2 Na6 12. Nh4 Nf6 13. Qc2 e4 14. a3 Nc5 15. O-O-O Bd7 16. Kb1 a6 17. g4 b5 18. Nxf5 Bxf5 19. gxf5 bxc4 20. Bxc4 Qe5 21. Be3 Kh8 22. Rhg1 Qxf5 23. Rg5 Qxh3 24. Rdg1 Bh6 25. R5g3 Qh4 26. Bd4 Bf4 27. Rg4 Qh6 28. Nxe4 Nxe4 29. Qxe4 Be5 30. Bxe5 dxe5 31. Qxe5 Rae8 32. Qd4 Re7 33. d6 cxd6 34. Rg8+ Rxg8 35. Rxg8# 1-0


[Site "https://www.chess.com"]